Thrashers vs Flames

Created - December 9 2007 at 12:05

Goals
1 2 3 T
Thrashers 3 1 1 5
Flames 1 1 0 2
Shots
1 2 3 T
Thrashers 10 8 6 24
Flames 5 9 11 25

Period #1

1. Thrashers , Brendan Shanahan 7 (Jay Mcclement, Mike Komisarek) at 2:16 (PP)
2. Thrashers , Patrick Marleau 17 (Dany Heatley, Andy Sutton) at 2:52
3. Flames , Kristian Huselius 18 (Matthew Lombardi) at 8:12
4. Thrashers , Dustin Penner 6 (Greg De Vries, Radek Martinek) at 10:59

Penalties :
Dion Phaneuf (CGY) for Hooking (Minor) at 0:46, Bill Guerin (CGY) for High sticking (Minor) at 4:41, Daymond Langkow (CGY) for Tripping (Minor) at 17:03

Period #2

5. Flames , Bill Guerin 16 (Jaroslav Modry, Kristian Huselius) at 1:24
6. Thrashers , Brendan Shanahan 8 (Brett Clark, Simon Gagne) at 10:42

Penalties :
Mike Johnson (CGY) for Tripping (Minor) at 1:34, Mike Komisarek (ATL) for Hooking (Minor) at 5:29, Bill Guerin (CGY) for Holding (Minor) at 11:49, Andrew Ference (CGY) for Fighting (Major) at 14:06, Greg De Vries (ATL) for Fighting (Major) at 14:06, Jussi Jokinen (CGY) for Boarding (Minor) at 17:45

Period #3

7. Thrashers , Simon Gagne 18 (Jay Mcclement, Brett Clark) at 1:10 (PP)

Penalties :
Alex Tanguay (CGY) for Tripping (Minor) at 0:52, David Backes (ATL) for Tripping (Minor) at 8:08, Bill Guerin (CGY) for Diving (Minor) at 12:33, Dustin Penner (ATL) for Holding (Minor) at 14:57, Dustin Penner (ATL) for Hooking (Minor) at 19:43

Goalie Stats

Henrik Lundqvist (ATL), 23 saves from 25 shots - (0.920), W, 25-6-3, 60:00 minutes
Miikka Kiprusoff (CGY), 9 saves from 13 shots - (0.692), L, 21-10-0, 30:42 minutes
Nikolai Khabibulin (CGY), 10 saves from 11 shots - (0.909), 29:18 minutes

Players Stats

Thrashers
Player Name              G  A  P  +/- PIM S  H  SB FO MP 
-----------------------------------------------------------
Andy Sutton              0  1  1   0  0   0  0  0  0  7  
Brendan Shanahan         2  0  2   1  0   4  2  0  1  21 
Brett Clark              0  2  2   1  0   0  2  1  0  23 
Dan Boyle                0  0  0  -1  0   1  1  2  0  20 
Dany Heatley             0  1  1  -1  0   4  3  0  0  24 
David Backes             0  0  0   1  2   1  1  0  0  19 
Dustin Penner            1  0  1   1  4   3  2  0  1  15 
Greg De Vries            0  1  1   1  5   0  0  0  0  13 
Jay Mcclement            0  2  2   1  0   0  0  1  24 21 
Jeff Cowan               0  0  0   0  0   0  0  0  0  2  
Justin Williams          0  0  0  -1  0   0  1  0  1  14 
Kyle Calder              0  0  0   0  0   0  0  0  0  10 
Mike Komisarek           0  1  1   1  2   2  1  0  0  21 
Mike Van Ryn             0  0  0  -1  0   0  0  0  0  24 
Patrick Marleau          1  0  1  -1  0   3  1  0  21 24 
Radek Martinek           0  1  1   1  0   1  2  0  0  17 
Simon Gagne              1  1  2   1  0   5  1  0  2  20 
Stephen Weiss            0  0  0   1  0   0  2  0  18 16 
Flames
Player Name              G  A  P  +/- PIM S  H  SB FO MP 
-----------------------------------------------------------
Alex Tanguay             0  0  0  -2  2   1  1  0  3  14 
Andrew Ference           0  0  0  -1  5   0  0  2  0  16 
Bill Guerin              1  0  1   2  6   6  1  0  2  15 
Brian Willsie            0  0  0   0  0   0  0  0  2  7  
Craig Conroy             0  0  0  -1  0   1  1  1  7  10 
Daymond Langkow          0  0  0  -2  2   1  1  0  12 16 
Dion Phaneuf             0  0  0  -2  2   1  2  2  0  24 
Jarome Iginla            0  0  0  -2  0   2  1  0  0  17 
Jaroslav Modry           0  1  1   2  0   1  1  0  0  22 
Jussi Jokinen            0  0  0  -1  2   2  2  0  1  14 
Kristian Huselius        1  1  2   2  0   4  2  0  0  15 
Marcus Nilson            0  0  0   0  0   0  1  1  0  14 
Matthew Lombardi         0  1  1   2  0   0  5  0  21 21 
Mike Johnson             0  0  0  -1  2   1  1  0  0  20 
Rhett Warrener           0  0  0  -1  0   0  0  0  0  14 
Robyn Regehr             0  0  0   2  0   0  3  1  0  22 
Roman Hamrlik            0  0  0  -1  0   1  1  3  0  24 
Stephane Yelle           0  0  0  -1  0   4  2  2  20 19 

3 Stars

1 - Brendan Shanahan (ATL)
2 - Kristian Huselius (CGY)
3 - Simon Gagne (ATL)

Power Play

Thrashers - 2 on 8 Attempt(s) - 25.00%
Flames - 0 on 4 Attempt(s) - 0.00%

Penalty Kill

Thrashers - 4 on 4 Attempt(s) - 100.00% - Score 0 goal in Penalty Kill
Flames - 6 on 8 Attempt(s) - 75.00% - Score 0 goal in Penalty Kill

Game Notes

Nikolai Khabibulin enters game at 10:42 of 2nd period
Andrew Ference beats up Greg De Vries at 14:06 of 2nd period

Finance

Level 1 -- Attendance: 6387 (98.27%) -- Ticket Income $510,960.00
Level 2 -- Attendance: 5500 (100.00%) -- Ticket Income $242,000.00
Level 3 -- Attendance: 2505 (89.95%) -- Ticket Income $80,160.00
Level 4 -- Attendance: 4000 (100.00%) -- Ticket Income $76,000.00
Luxury Box -- Attendance: 1250 (100.00%) -- Ticket Income $187,500.00
Game was played at the Pengrowth Saddledome
Total Attendance: 19642 (98.04%)
Total Ticket Income: $1,182,550.00
Other Income: $172,139.70
Total Income: $1,354,690.00


Play by Play

Period #1

0:01 of 1st period - Alex Tanguay wins face-off versus Patrick Marleau in neutral zone.
0:12 of 1st period - Shot by Alex Tanguay.
0:12 of 1st period - Stopped by Henrik Lundqvist without a rebound.
0:13 of 1st period - Stephen Weiss wins face-off versus Matthew Lombardi in Thrashers zone.
0:13 of 1st period - Stephen Weiss is hit by Matthew Lombardi.
0:16 of 1st period - Simon Gagne is hit by Matthew Lombardi and loses puck.
0:25 of 1st period - Shot by Simon Gagne.
0:25 of 1st period - Stopped by Miikka Kiprusoff with a rebound.
0:45 of 1st period - Shot by Simon Gagne.
0:45 of 1st period - Stopped by Miikka Kiprusoff without a rebound.
0:46 of 1st period - Patrick Marleau wins face-off versus Daymond Langkow in Flames zone.
0:46 of 1st period - Minor Penalty to Dion Phaneuf for Hooking.
0:47 of 1st period - Stephane Yelle wins face-off versus Patrick Marleau in Flames zone.
1:02 of 1st period - Shot by Dan Boyle.
1:02 of 1st period - Stopped by Miikka Kiprusoff without a rebound.
1:03 of 1st period - Stephane Yelle wins face-off versus Jay Mcclement in Flames zone.
1:03 of 1st period - Roman Hamrlik is hit by Brendan Shanahan and loses puck.
1:08 of 1st period - Shot by Simon Gagne.
1:08 of 1st period - Stopped by Miikka Kiprusoff with a rebound.
1:10 of 1st period - Shot by Mike Van Ryn.
1:10 of 1st period - Shot Misses the Net.
1:14 of 1st period - Shot by Brendan Shanahan.
1:14 of 1st period - Shot Misses the Net.
1:16 of 1st period - Shot by Mike Komisarek.
1:16 of 1st period - Stopped by Miikka Kiprusoff without a rebound.
1:17 of 1st period - Patrick Marleau wins face-off versus Matthew Lombardi in Flames zone.
2:08 of 1st period - Shot by Simon Gagne.
2:08 of 1st period - Shot Misses the Net.
2:10 of 1st period - Shot by Mike Komisarek.
2:10 of 1st period - Shot Blocked by Andrew Ference.
2:12 of 1st period - Shot by Jay Mcclement.
2:12 of 1st period - Shot Misses the Net.
2:16 of 1st period - Shot by Brendan Shanahan.
2:16 of 1st period - Goal by Brendan Shanahan - Thrashers : 1 - Flames : 0.
2:17 of 1st period - Daymond Langkow wins face-off versus Jay Mcclement in neutral zone.
2:36 of 1st period - Shot by Jarome Iginla.
2:36 of 1st period - Stopped by Henrik Lundqvist without a rebound.
2:37 of 1st period - Patrick Marleau wins face-off versus Stephane Yelle in Thrashers zone.
2:52 of 1st period - Shot by Patrick Marleau.
2:52 of 1st period - Goal by Patrick Marleau - Thrashers : 2 - Flames : 0.
2:53 of 1st period - Stephen Weiss wins face-off versus Craig Conroy in neutral zone.
3:09 of 1st period - Roman Hamrlik is hit by Stephen Weiss and loses puck.
3:25 of 1st period - Brendan Shanahan is hit by Craig Conroy and loses puck.
4:41 of 1st period - Minor Penalty to Bill Guerin for High sticking.
4:42 of 1st period - Matthew Lombardi wins face-off versus Jay Mcclement in Thrashers zone.
5:59 of 1st period - Shot by Stephane Yelle.
5:59 of 1st period - Shot Blocked by Brett Clark.
6:03 of 1st period - Shot by Stephane Yelle.
6:03 of 1st period - Stopped by Henrik Lundqvist without a rebound.
6:04 of 1st period - Jay Mcclement wins face-off versus Matthew Lombardi in Thrashers zone.
6:21 of 1st period - Shot by Brendan Shanahan.
6:21 of 1st period - Shot Misses the Net.
6:23 of 1st period - Shot by Simon Gagne.
6:23 of 1st period - Shot Blocked by Robyn Regehr.
6:25 of 1st period - Shot by Jay Mcclement.
6:25 of 1st period - Shot Misses the Net.
6:29 of 1st period - Shot by Jay Mcclement.
6:29 of 1st period - Shot Misses the Net.
7:08 of 1st period - Shot by Dustin Penner.
7:08 of 1st period - Shot Misses the Net.
7:35 of 1st period - Mike Johnson is hit by Radek Martinek and loses puck.
8:12 of 1st period - Shot by Kristian Huselius.
8:12 of 1st period - Goal by Kristian Huselius - Thrashers : 2 - Flames : 1.
8:13 of 1st period - Stephen Weiss wins face-off versus Brian Willsie in neutral zone.
8:18 of 1st period - Shot by Brett Clark.
8:18 of 1st period - Shot Misses the Net.
8:24 of 1st period - Shot by Simon Gagne.
8:24 of 1st period - Shot Hit the Post.
8:28 of 1st period - Shot by Simon Gagne.
8:28 of 1st period - Shot Misses the Net.
8:37 of 1st period - Roman Hamrlik is hit by Stephen Weiss and loses puck.
8:42 of 1st period - Shot by Simon Gagne.
8:42 of 1st period - Shot Misses the Net.
8:46 of 1st period - Shot by Simon Gagne.
8:46 of 1st period - Shot Blocked by Marcus Nilson.
9:24 of 1st period - Patrick Marleau is hit by Kristian Huselius and loses puck.
10:39 of 1st period - Shot by Kyle Calder.
10:39 of 1st period - Shot Blocked by Craig Conroy.
10:59 of 1st period - Shot by Dustin Penner.
10:59 of 1st period - Goal by Dustin Penner - Thrashers : 3 - Flames : 1.
11:00 of 1st period - Stephane Yelle wins face-off versus Patrick Marleau in neutral zone.
11:05 of 1st period - Shot by Jussi Jokinen.
11:05 of 1st period - Shot Misses the Net.
11:27 of 1st period - Shot by Stephane Yelle.
11:27 of 1st period - Stopped by Henrik Lundqvist without a rebound.
11:28 of 1st period - Stephen Weiss wins face-off versus Matthew Lombardi in Thrashers zone.
11:39 of 1st period - Shot by Simon Gagne.
11:39 of 1st period - Shot Misses the Net.
11:41 of 1st period - Shot by Brett Clark.
11:41 of 1st period - Shot Misses the Net.
11:43 of 1st period - Shot by Brendan Shanahan.
11:43 of 1st period - Shot Misses the Net.
12:32 of 1st period - Shot by Patrick Marleau.
12:32 of 1st period - Stopped by Miikka Kiprusoff with a rebound.
12:57 of 1st period - Stephane Yelle is hit by Radek Martinek and loses puck.
13:30 of 1st period - Shot by Jarome Iginla.
13:30 of 1st period - Shot Misses the Net.
13:51 of 1st period - Jarome Iginla is hit by Dustin Penner and loses puck.
14:20 of 1st period - Shot by Brendan Shanahan.
14:20 of 1st period - Stopped by Miikka Kiprusoff without a rebound.
14:21 of 1st period - Patrick Marleau wins face-off versus Bill Guerin in Flames zone.
14:37 of 1st period - Kristian Huselius is hit by Dany Heatley and loses puck.
14:41 of 1st period - Off-side.
14:42 of 1st period - Stephen Weiss wins face-off versus Stephane Yelle in neutral zone.
14:44 of 1st period - Simon Gagne is hit by Jussi Jokinen and loses puck.
15:33 of 1st period - Off-side.
15:34 of 1st period - Matthew Lombardi wins face-off versus Patrick Marleau in neutral zone.
15:49 of 1st period - Shot by Dan Boyle.
15:49 of 1st period - Shot Misses the Net.
15:53 of 1st period - Shot by Patrick Marleau.
15:53 of 1st period - Shot Misses the Net.
16:06 of 1st period - Patrick Marleau is hit by Bill Guerin and loses puck.
16:36 of 1st period - Jay Mcclement is hit by Matthew Lombardi and loses puck.
17:03 of 1st period - Minor Penalty to Daymond Langkow for Tripping.
17:04 of 1st period - Jay Mcclement wins face-off versus Stephane Yelle in neutral zone.
17:21 of 1st period - Shot by Mike Van Ryn.
17:21 of 1st period - Shot Misses the Net.
17:23 of 1st period - Shot by Simon Gagne.
17:23 of 1st period - Shot Misses the Net.
17:25 of 1st period - Shot by Mike Komisarek.
17:25 of 1st period - Shot Misses the Net.
17:27 of 1st period - Shot by Simon Gagne.
17:27 of 1st period - Shot Blocked by Roman Hamrlik.
17:29 of 1st period - Shot by Brendan Shanahan.
17:29 of 1st period - Shot Blocked by Roman Hamrlik.
17:31 of 1st period - Shot by Mike Van Ryn.
17:31 of 1st period - Shot Blocked by Roman Hamrlik.
17:35 of 1st period - Shot by Simon Gagne.
17:35 of 1st period - Shot Misses the Net.
18:08 of 1st period - Shot by Dan Boyle.
18:08 of 1st period - Shot Misses the Net.
18:56 of 1st period - Mike Van Ryn is hit by Marcus Nilson.

Period #2

0:01 of 2nd period - Patrick Marleau wins face-off versus Daymond Langkow in neutral zone.
1:11 of 2nd period - Matthew Lombardi is hit by Dany Heatley and loses puck.
1:20 of 2nd period - Shot by Bill Guerin.
1:20 of 2nd period - Shot Misses the Net.
1:24 of 2nd period - Shot by Bill Guerin.
1:24 of 2nd period - Goal by Bill Guerin - Thrashers : 3 - Flames : 2.
1:25 of 2nd period - Stephen Weiss wins face-off versus Stephane Yelle in neutral zone.
1:25 of 2nd period - Simon Gagne is hit by Jussi Jokinen.
1:34 of 2nd period - Minor Penalty to Mike Johnson for Tripping.
1:35 of 2nd period - Jay Mcclement wins face-off versus Stephane Yelle in Flames zone.
1:46 of 2nd period - Shot by Brendan Shanahan.
1:46 of 2nd period - Shot Blocked by Dion Phaneuf.
1:48 of 2nd period - Shot by Simon Gagne.
1:48 of 2nd period - Deflect By Brendan Shanahan.
1:48 of 2nd period - Shot Blocked by Stephane Yelle.
1:52 of 2nd period - Shot by Simon Gagne.
1:52 of 2nd period - Deflect By Brendan Shanahan.
1:52 of 2nd period - Shot Misses the Net.
1:56 of 2nd period - Shot by Jay Mcclement.
1:56 of 2nd period - Shot Blocked by Stephane Yelle.
1:58 of 2nd period - Shot by Mike Komisarek.
1:58 of 2nd period - Shot Hit the Post.
2:02 of 2nd period - Shot by Brett Clark.
2:02 of 2nd period - Shot Blocked by Dion Phaneuf.
2:24 of 2nd period - Icing by Mike Komisarek.
2:25 of 2nd period - Matthew Lombardi wins face-off versus Jay Mcclement in Thrashers zone.
2:26 of 2nd period - Shot by Jarome Iginla.
2:26 of 2nd period - Shot Misses the Net.
3:03 of 2nd period - Dany Heatley is hit by Robyn Regehr and loses puck.
3:39 of 2nd period - Simon Gagne is hit by Stephane Yelle and loses puck.
3:48 of 2nd period - Shot by Jussi Jokinen.
3:48 of 2nd period - Stopped by Henrik Lundqvist without a rebound.
3:49 of 2nd period - Dustin Penner wins face-off versus Craig Conroy in Thrashers zone.
3:59 of 2nd period - Icing by Brian Willsie.
4:00 of 2nd period - Craig Conroy wins face-off versus Jay Mcclement in Flames zone.
5:29 of 2nd period - Minor Penalty to Mike Komisarek for Hooking.
5:30 of 2nd period - Matthew Lombardi wins face-off versus Stephen Weiss in Thrashers zone.
5:46 of 2nd period - Icing by Robyn Regehr.
5:47 of 2nd period - Matthew Lombardi wins face-off versus Stephen Weiss in Flames zone.
5:47 of 2nd period - Matthew Lombardi is hit by Brett Clark.
6:51 of 2nd period - Shot by Jarome Iginla.
6:51 of 2nd period - Stopped by Henrik Lundqvist without a rebound.
6:52 of 2nd period - Daymond Langkow wins face-off versus Jay Mcclement in Thrashers zone.
6:55 of 2nd period - Shot by Jarome Iginla.
6:55 of 2nd period - Shot Misses the Net.
7:07 of 2nd period - Jay Mcclement is hit by Jarome Iginla and loses puck.
7:20 of 2nd period - Shot by Dion Phaneuf.
7:20 of 2nd period - Shot Blocked by Dan Boyle.
7:38 of 2nd period - Shot by Stephane Yelle.
7:38 of 2nd period - Stopped by Henrik Lundqvist without a rebound.
7:39 of 2nd period - Patrick Marleau wins face-off versus Stephane Yelle in Thrashers zone.
8:12 of 2nd period - Shot by Jussi Jokinen.
8:12 of 2nd period - Shot Blocked by Dan Boyle.
8:40 of 2nd period - Icing by Andrew Ference.
8:41 of 2nd period - Jay Mcclement wins face-off versus Stephane Yelle in Flames zone.
8:44 of 2nd period - Shot by Dustin Penner.
8:44 of 2nd period - Stopped by Miikka Kiprusoff with a rebound.
9:21 of 2nd period - Shot by Jaroslav Modry.
9:21 of 2nd period - Stopped by Henrik Lundqvist without a rebound.
9:22 of 2nd period - Stephen Weiss wins face-off versus Daymond Langkow in Thrashers zone.
9:22 of 2nd period - Stephen Weiss is hit by Daymond Langkow.
9:38 of 2nd period - Shot by Brendan Shanahan.
9:38 of 2nd period - Deflect By Simon Gagne.
9:38 of 2nd period - Shot Misses the Net.
9:49 of 2nd period - Alex Tanguay is hit by Brendan Shanahan and loses puck.
9:52 of 2nd period - Shot by Daymond Langkow.
9:52 of 2nd period - Stopped by Henrik Lundqvist without a rebound.
9:53 of 2nd period - Bill Guerin wins face-off versus Patrick Marleau in Thrashers zone.
9:58 of 2nd period - Shot by Kristian Huselius.
9:58 of 2nd period - Stopped by Henrik Lundqvist without a rebound.
9:59 of 2nd period - Patrick Marleau wins face-off versus Matthew Lombardi in Thrashers zone.
9:59 of 2nd period - Patrick Marleau is hit by Robyn Regehr.
10:28 of 2nd period - Shot by Patrick Marleau.
10:28 of 2nd period - Shot Misses the Net.
10:30 of 2nd period - Shot by Dany Heatley.
10:30 of 2nd period - Stopped by Miikka Kiprusoff without a rebound.
10:31 of 2nd period - Daymond Langkow wins face-off versus Stephen Weiss in Flames zone.
10:38 of 2nd period - Shot by Simon Gagne.
10:38 of 2nd period - Shot Misses the Net.
10:42 of 2nd period - Shot by Brendan Shanahan.
10:42 of 2nd period - Goal by Brendan Shanahan - Thrashers : 4 - Flames : 2.
10:42 of 2nd period - Nikolai Khabibulin enters game.
10:43 of 2nd period - Jay Mcclement wins face-off versus Craig Conroy in neutral zone.
11:49 of 2nd period - Minor Penalty to Bill Guerin for Holding.
11:50 of 2nd period - Brendan Shanahan wins face-off versus Matthew Lombardi in neutral zone.
12:01 of 2nd period - Shot by Brendan Shanahan.
12:01 of 2nd period - Stopped by Nikolai Khabibulin with a rebound.
12:28 of 2nd period - Icing by Brendan Shanahan.
12:29 of 2nd period - Stephane Yelle wins face-off versus Jay Mcclement in Thrashers zone.
13:30 of 2nd period - Stephane Yelle is hit by Dan Boyle and loses puck.
13:35 of 2nd period - Shot by Dan Boyle.
13:35 of 2nd period - Shot Misses the Net.
14:06 of 2nd period - Andrew Ference beats up Greg De Vries.
14:06 of 2nd period - Penalty to Andrew Ference for Fighting.
14:06 of 2nd period - Penalty to Greg De Vries for Fighting.
14:07 of 2nd period - Alex Tanguay wins face-off versus Patrick Marleau in Thrashers zone.
14:14 of 2nd period - Shot by Daymond Langkow.
14:14 of 2nd period - Shot Misses the Net.
14:45 of 2nd period - Shot by Bill Guerin.
14:45 of 2nd period - Stopped by Henrik Lundqvist without a rebound.
14:46 of 2nd period - Jay Mcclement wins face-off versus Stephane Yelle in Thrashers zone.
15:11 of 2nd period - Jussi Jokinen is hit by David Backes and loses puck.
16:12 of 2nd period - Shot by Jarome Iginla.
16:12 of 2nd period - Shot Misses the Net.
16:39 of 2nd period - Icing by Roman Hamrlik.
16:40 of 2nd period - Jay Mcclement wins face-off versus Daymond Langkow in Flames zone.
17:03 of 2nd period - Shot by Dustin Penner.
17:03 of 2nd period - Shot Misses the Net.
17:05 of 2nd period - Shot by Dustin Penner.
17:05 of 2nd period - Stopped by Nikolai Khabibulin without a rebound.
17:06 of 2nd period - Matthew Lombardi wins face-off versus Stephen Weiss in Flames zone.
17:13 of 2nd period - Shot by Bill Guerin.
17:13 of 2nd period - Shot Misses the Net.
17:44 of 2nd period - Shot by Kristian Huselius.
17:44 of 2nd period - Stopped by Henrik Lundqvist without a rebound.
17:45 of 2nd period - Justin Williams wins face-off versus Stephane Yelle in Thrashers zone.
17:45 of 2nd period - Minor Penalty to Jussi Jokinen for Boarding.
17:46 of 2nd period - Matthew Lombardi wins face-off versus Patrick Marleau in Thrashers zone.
18:05 of 2nd period - Shot by Dany Heatley.
18:05 of 2nd period - Stopped by Nikolai Khabibulin without a rebound.
18:06 of 2nd period - Jay Mcclement wins face-off versus Stephane Yelle in Flames zone.
19:25 of 2nd period - Shot by Jay Mcclement.
19:25 of 2nd period - Shot Misses the Net.
19:27 of 2nd period - Shot by Mike Komisarek.
19:27 of 2nd period - Stopped by Nikolai Khabibulin without a rebound.
19:28 of 2nd period - Matthew Lombardi wins face-off versus Jay Mcclement in Flames zone.
19:28 of 2nd period - Matthew Lombardi is hit by Simon Gagne.
19:50 of 2nd period - Shot by Dany Heatley.
19:50 of 2nd period - Stopped by Nikolai Khabibulin without a rebound.
19:51 of 2nd period - Stephane Yelle wins face-off versus Jay Mcclement in Flames zone.

Period #3

0:01 of 3rd period - Daymond Langkow wins face-off versus Patrick Marleau in neutral zone.
0:01 of 3rd period - Daymond Langkow is hit by Justin Williams.
0:10 of 3rd period - Patrick Marleau is hit by Dion Phaneuf and loses puck.
0:22 of 3rd period - Patrick Marleau is hit by Roman Hamrlik and loses puck.
0:52 of 3rd period - Minor Penalty to Alex Tanguay for Tripping.
0:53 of 3rd period - Matthew Lombardi wins face-off versus Jay Mcclement in neutral zone.
1:08 of 3rd period - Shot by Jay Mcclement.
1:08 of 3rd period - Shot Misses the Net.
1:10 of 3rd period - Shot by Simon Gagne.
1:10 of 3rd period - Goal by Simon Gagne - Thrashers : 5 - Flames : 2.
1:11 of 3rd period - Jay Mcclement wins face-off versus Stephane Yelle in neutral zone.
1:28 of 3rd period - Shot by David Backes.
1:28 of 3rd period - Stopped by Nikolai Khabibulin without a rebound.
1:29 of 3rd period - Stephen Weiss wins face-off versus Matthew Lombardi in Flames zone.
1:29 of 3rd period - Simon Gagne is hit by Kristian Huselius and loses puck.
1:59 of 3rd period - Bill Guerin is hit by Brett Clark and loses puck.
2:55 of 3rd period - Dan Boyle is hit by Dion Phaneuf and loses puck.
3:50 of 3rd period - Shot by Jussi Jokinen.
3:50 of 3rd period - Stopped by Henrik Lundqvist with a rebound.
3:54 of 3rd period - Shot by Andrew Ference.
3:54 of 3rd period - Shot Misses the Net.
4:24 of 3rd period - Shot by Kristian Huselius.
4:24 of 3rd period - Stopped by Henrik Lundqvist without a rebound.
4:25 of 3rd period - Stephen Weiss wins face-off versus Craig Conroy in Thrashers zone.
5:34 of 3rd period - Shot by Kristian Huselius.
5:34 of 3rd period - Deflect By Bill Guerin.
5:34 of 3rd period - Stopped by Henrik Lundqvist without a rebound.
5:35 of 3rd period - Stephane Yelle wins face-off versus Patrick Marleau in Thrashers zone.
6:18 of 3rd period - Shot by Mike Johnson.
6:18 of 3rd period - Stopped by Henrik Lundqvist without a rebound.
6:19 of 3rd period - Jay Mcclement wins face-off versus Matthew Lombardi in Thrashers zone.
6:19 of 3rd period - Jay Mcclement is hit by Robyn Regehr.
6:32 of 3rd period - Dustin Penner is hit by Jaroslav Modry and loses puck.
6:35 of 3rd period - Shot by Jay Mcclement.
6:35 of 3rd period - Shot Misses the Net.
6:39 of 3rd period - Shot by Jay Mcclement.
6:39 of 3rd period - Shot Misses the Net.
6:41 of 3rd period - Shot by Radek Martinek.
6:41 of 3rd period - Stopped by Nikolai Khabibulin without a rebound.
6:42 of 3rd period - Patrick Marleau wins face-off versus Alex Tanguay in Flames zone.
6:55 of 3rd period - Roman Hamrlik is hit by Patrick Marleau and loses puck.
7:00 of 3rd period - Patrick Marleau is hit by Alex Tanguay and loses puck.
7:49 of 3rd period - Shot by Bill Guerin.
7:49 of 3rd period - Shot Blocked by Jay Mcclement.
7:56 of 3rd period - Bill Guerin is hit by Dustin Penner and loses puck.
8:08 of 3rd period - Minor Penalty to David Backes for Tripping.
8:09 of 3rd period - Stephen Weiss wins face-off versus Daymond Langkow in neutral zone.
8:56 of 3rd period - Shot by Matthew Lombardi.
8:56 of 3rd period - Deflect By Kristian Huselius.
8:56 of 3rd period - Shot Misses the Net.
10:25 of 3rd period - Shot by Stephane Yelle.
10:25 of 3rd period - Stopped by Henrik Lundqvist without a rebound.
10:26 of 3rd period - Jay Mcclement wins face-off versus Craig Conroy in Thrashers zone.
10:40 of 3rd period - Shot by Roman Hamrlik.
10:40 of 3rd period - Stopped by Henrik Lundqvist without a rebound.
10:41 of 3rd period - Patrick Marleau wins face-off versus Stephane Yelle in Thrashers zone.
10:41 of 3rd period - Patrick Marleau is hit by Stephane Yelle.
10:51 of 3rd period - Shot by Patrick Marleau.
10:51 of 3rd period - Stopped by Nikolai Khabibulin without a rebound.
10:52 of 3rd period - Jay Mcclement wins face-off versus Craig Conroy in Flames zone.
11:21 of 3rd period - Shot by Craig Conroy.
11:21 of 3rd period - Stopped by Henrik Lundqvist without a rebound.
11:22 of 3rd period - Jussi Jokinen wins face-off versus Patrick Marleau in Thrashers zone.
11:53 of 3rd period - Shot by Mike Van Ryn.
11:53 of 3rd period - Shot Misses the Net.
11:57 of 3rd period - Shot by Dany Heatley.
11:57 of 3rd period - Shot Blocked by Andrew Ference.
11:59 of 3rd period - Shot by Andy Sutton.
11:59 of 3rd period - Shot Misses the Net.
12:15 of 3rd period - Shot by Simon Gagne.
12:15 of 3rd period - Stopped by Nikolai Khabibulin without a rebound.
12:16 of 3rd period - Matthew Lombardi wins face-off versus Stephen Weiss in Flames zone.
12:25 of 3rd period - Matthew Lombardi is hit by Mike Komisarek and loses puck.
12:33 of 3rd period - Minor Penalty to Bill Guerin for Diving.
12:34 of 3rd period - Stephane Yelle wins face-off versus Patrick Marleau in Flames zone.
13:06 of 3rd period - Shot by Dany Heatley.
13:06 of 3rd period - Stopped by Nikolai Khabibulin with a rebound.
13:17 of 3rd period - Icing by Brendan Shanahan.
13:18 of 3rd period - Simon Gagne wins face-off versus Matthew Lombardi in Thrashers zone.
13:18 of 3rd period - Simon Gagne is hit by Matthew Lombardi.
14:06 of 3rd period - Shot by Jarome Iginla.
14:06 of 3rd period - Shot Misses the Net.
14:57 of 3rd period - Minor Penalty to Dustin Penner for Holding.
14:58 of 3rd period - Daymond Langkow wins face-off versus Stephen Weiss in Flames zone.
15:51 of 3rd period - Shot by Bill Guerin.
15:51 of 3rd period - Stopped by Henrik Lundqvist without a rebound.
15:52 of 3rd period - Matthew Lombardi wins face-off versus Stephen Weiss in Thrashers zone.
15:53 of 3rd period - Shot by Kristian Huselius.
15:53 of 3rd period - Shot Misses the Net.
15:55 of 3rd period - Shot by Robyn Regehr.
15:55 of 3rd period - Shot Misses the Net.
15:57 of 3rd period - Shot by Robyn Regehr.
15:57 of 3rd period - Shot Misses the Net.
15:59 of 3rd period - Shot by Bill Guerin.
15:59 of 3rd period - Stopped by Henrik Lundqvist without a rebound.
16:00 of 3rd period - Jay Mcclement wins face-off versus Matthew Lombardi in Thrashers zone.
16:00 of 3rd period - Patrick Marleau is hit by Matthew Lombardi and loses puck.
16:25 of 3rd period - Shot by Bill Guerin.
16:25 of 3rd period - Shot Misses the Net.
16:27 of 3rd period - Shot by Bill Guerin.
16:27 of 3rd period - Stopped by Henrik Lundqvist without a rebound.
16:28 of 3rd period - Daymond Langkow wins face-off versus Stephen Weiss in Thrashers zone.
17:22 of 3rd period - Stephane Yelle is hit by Dany Heatley and loses puck.
17:28 of 3rd period - Icing by Dan Boyle.
17:29 of 3rd period - Patrick Marleau wins face-off versus Brian Willsie in Thrashers zone.
17:53 of 3rd period - Shot by Daymond Langkow.
17:53 of 3rd period - Shot Misses the Net.
17:55 of 3rd period - Shot by Dion Phaneuf.
17:55 of 3rd period - Stopped by Henrik Lundqvist with a rebound.
17:59 of 3rd period - Shot by Daymond Langkow.
17:59 of 3rd period - Shot Misses the Net.
18:56 of 3rd period - Icing by Simon Gagne.
18:57 of 3rd period - Simon Gagne wins face-off versus Stephane Yelle in Thrashers zone.
18:57 of 3rd period - Simon Gagne is hit by Mike Johnson.
19:43 of 3rd period - Minor Penalty to Dustin Penner for Hooking.
19:44 of 3rd period - Daymond Langkow wins face-off versus Jay Mcclement in Flames zone.


Output by the SimonT Hockey Simulator (STHS) for Stephane Roy -- Original Page W3C XHTML 1.0 Valid